 Dungeon Crawl Stone Soup version 0.24.0-123-gd5b16e6ec5 (webtiles) character file.

Game seed: 13840233604215806731, levelgen mode: deterministic

126 Delamore the Chopper (level 5, 0/45 HPs)
             Began as a Hill Orc Fighter on Dec 28, 2019.
             Slain by an iguana (2 damage)
             ... on level 3 of the Dungeon.
             The game lasted 00:02:49 (1919 turns).

Delamore the Chopper (Hill Orc Fighter)             Turns: 1919, Time: 00:02:50

Health: 0/45       AC:  7    Str: 20    XL:     5   Next: 10%
Magic:  5/5        EV:  7    Int:  8    God:
Gold:   193        SH:  9    Dex: 10    Spells: 4/4 levels left

rFire    . . .     SeeInvis +   a - +0 war axe
rCold    . . .     Gourm    .   c - +0 shield
rNeg     . . .     Faith    .   b - +0 scale mail
rPois    .         Spirit   .   (no helmet)
rElec    .         Reflect  .   r - +0 cloak
rCorr    .         Harm     .   (no gloves)
MR       .....                  (no boots)
Stlth    ..........             (no amulet)
HPRegen  0.15/turn              e - ring of flight
MPRegen  0.09/turn              l - ring of see invisible

@: lightly drained
A: no striking features
a: Evoke Flight


You were on level 3 of the Dungeon.
You were not hungry.

You visited 1 branch of the dungeon, and saw 4 of its levels.

You collected 193 gold pieces.

Inventory:

Hand Weapons
 a - a +0 war axe (weapon)
Armour
 b - a +0 scale mail (worn)
 c - a +0 shield (worn)
 r - a +0 cloak (worn)
Jewellery
 e - a ring of flight (left hand)
 l - a ring of see invisible (right hand)
 p - a +5 ring of protection
Scrolls
 g - 2 scrolls of teleportation {unknown}
 h - 4 scrolls of identify {unknown}
 j - a scroll of remove curse {unknown}
 k - a scroll of amnesia {unknown}
Potions
 d - a potion of might
 i - a potion of degeneration {unknown}
 m - 3 potions of curing
 n - a potion of magic {unknown}
 o - a potion of haste {unknown}
Comestibles
 f - 6 rations
 q - 3 chunks of flesh


   Skills:
 - Level 3.6(3.4) Fighting
 + Level 6.8(6.6) Axes
 - Level 3.2(3.1) Armour
 - Level 3.2(3.1) Shields


You had 4 spell levels left.
You didn't know any spells.
Your spell library was empty.

Dungeon Overview and Level Annotations

Branches:
Dungeon (4/15)
 Temple: D:4-7

Altars:
Elyvilon
Ru
The Shining One


Message History

The iguana bites you but does no damage.
You hit the iguana.
The iguana is moderately wounded.
You block the iguana's attack. The iguana bites you.
* * * LOW HITPOINT WARNING * * *
You hit the iguana but do no damage.
The iguana is moderately wounded.
The iguana bites you!
* * * LOW HITPOINT WARNING * * *
You barely miss the iguana.
The iguana is moderately wounded.
You block the iguana's attack.
There is a stone staircase leading up here.
You block the iguana's attack.
You climb upwards.
There is a stone staircase leading down here.
You hit the iguana.
The iguana is severely wounded.
The iguana bites you.
You die...

#######..........######.#
##....##...## #.#
##....#....#####.#
#..#.........<..#
#....##.#.#####.# #.#.###.#.#
#.# ## #<#.# #.#.#####.# .#
#l#.###.)....##.# .#####
#@..............# .....#
#########..#.#### .###.#
#..#.# .# #(#
################..#.#
.###.####.......#.........#.#
.#..(.....##>#.#..#######.#.#
.#.#..............# #.#.#
.#.#########.#.#.## #.#.#
.#.# ##...#########.#.#


You could see an iguana.

Vanquished Creatures
  Crazy Yiuf (D:3)
  2 adders
  2 worms
  2 dart slugs
  2 leopard geckos (D:3)
  6 orcs (D:3)
  4 giant cockroaches
  5 hobgoblins
  3 quokkas
  9 bats
  12 frilled lizards
  4 goblins
  7 kobolds
  7 rats
66 creatures vanquished.

Notes
Turn   | Place    | Note
-------+----------+-------------------------------------------
     0 | D:1      | Delamore the Hill Orc Fighter began the quest for the Orb.
     0 | D:1      | Reached XP level 1. HP: 19/19 MP: 1/1
    61 | D:1      | Reached skill level 3 in Axes
   204 | D:1      | Reached XP level 2. HP: 26/26 MP: 2/2
   267 | D:1      | Reached skill level 4 in Axes
   403 | D:1      | Found a glowing golden altar of the Shining One.
   668 | D:1      | You fall into a shaft and drop 1 floor!
   690 | D:2      | Reached XP level 3. HP: 29/31 MP: 3/3
   821 | D:2      | Reached skill level 5 in Axes
  1049 | D:2      | Found a sacrificial altar of Ru.
  1189 | D:3      | Reached XP level 4. HP: 37/39 MP: 4/4
  1344 | D:3      | Reached skill level 6 in Axes
  1363 | D:3      | Found a runed translucent door.
  1364 | D:3      | Noticed Crazy Yiuf
  1468 | D:3      | Found a white marble altar of Elyvilon.
  1723 | D:3      | Killed Crazy Yiuf
  1723 | D:3      | Reached XP level 5. HP: 4/45 MP: 5/5
  1730 | D:3      | HP: 2/45 [poisoned by Crazy Yiuf]
  1738 | D:3      | HP: 2/45 [poisoned by Crazy Yiuf]
  1914 | D:4      | HP: 1/45 [iguana (12)]
  1919 | D:3      | Slain by an iguana

Levels and vault maps discovered:
D:1:      minmay_arrival_solitary_statue, layout_basic, tso_metal_star
D:2:      layout_rooms, nicolae_ru_the_path_less_chosen
D:3:      layout_loops_ring, elyvilon_altar_5, first_ration,
          uniq_crazy_yiuf_cottage
D:4:      layout_loops_cross, lemuel_coloured_pillars_altar, temple_fountains,
          grunt_dithmenos_smoke_and_mirrors, uniq_pikel, uniq_blork_the_orc

Skill      XL: |  1  2  3  4 |
---------------+-------------+-----
Axes           | 3 4 5 6 |  6.8
Fighting       | |  3.6
Armour         | |  3.2
Shields        | |  3.2

Action                   |  1- 3 |  4- 6 || total
-------------------------+-------+-------++-------
Melee: War axe           |   129 |    91 ||   220
  Eat: Chunk             |     1 |     3 ||     4
Armor: Scale mail        |    68 |    30 ||    98
Dodge: Dodged            |    42 |    22 ||    64
Block: Shield            |    60 |    43 ||   103
